 Dungeon Crawl Stone Soup version 0.21-a0-625-g1119ec1 (webtiles) character file.

49 Charly the Chopper (level 3, -4/51 HPs)
             Began as a Minotaur Berserker on Dec 24, 2017.
             Was a Follower of Trog.
             Slain by a killer bee (9 damage)
             ... on level 3 of the Dungeon.
             The game lasted 00:01:06 (90 turns).

Charly the Chopper (Minotaur Berserker)               Turns: 90, Time: 00:01:06

Health: -4/51      AC:  2    Str: 27    XL:     3   Next: 51%
Magic:  2/2        EV: 12    Int:  4    God:    Trog [*.....]
Gold:   0          SH:  0    Dex:  9    Spells: 2/2 levels left

rFire    . . .     SeeInvis .   a - +0 hand axe
rCold    . . .     Gourm    .   (no shield)
rNeg     . . .     Faith    .   b - +0 animal skin
rPois    .         Spirit   .   (helmet restricted)
rElec    .         Reflect  .   (no cloak)
rCorr    .         Harm     +   (no gloves)
MR       .....                  (no boots)
Stlth    ..........             e - amulet of harm
HPRegen  0.17/turn              (no ring)
MPRegen  0.08/turn              (no ring)

@: berserking, lethally poisoned (-4 -> -18), very quick
A: retaliatory headbutt, horns 2
a: Berserk, Burn Spellbooks, Renounce Religion


You were on level 3 of the Dungeon.
You worshipped Trog.
Trog was aware of your devotion.
You were not hungry.

You visited 1 branch of the dungeon, and saw 3 of its levels.

Inventory:

Hand Weapons
 a - a +0 hand axe (weapon)
Armour
 b - a +0 animal skin (worn)
Jewellery
 e - an amulet of harm (around neck)
Scrolls
 f - a scroll of remove curse {unknown}
Potions
 d - a potion of heal wounds {unknown}
Comestibles
 c - a ration


   Skills:
 + Level 4.3 Fighting
 * Level 5.0 Axes
 - Level 2.4 Armour
 - Level 2.1 Dodging


You had 2 spell levels left.
You didn't know any spells.

Dungeon Overview and Level Annotations

Branches:
Dungeon (3/15)

Altars:


Innate Abilities, Weirdness & Mutations

You reflexively headbutt those who attack you in melee.
You have a pair of horns on your head.


Message History

Unknown command.
Unknown command.
You hit the killer bee.
The killer bee is heavily wounded.
You closely miss the killer bee. You hit the killer bee.
You kill the killer bee!
Trog accepts your kill.
Your Fighting skill increases to level 4!
Your Axes skill gained 2 levels and is now at level 5!
You have reached level 2!
You have reached level 3!
Your experience leads to an increase in your attributes!
Your base attributes are Str 21, Int 4, Dex 9.
Increase (S)trength, (I)ntelligence, or (D)exterity?
You feel stronger.
You closely miss the killer bee.
You feel sick. The killer bee stings you.
* * * LOW HITPOINT WARNING * * *
You are more poisoned.
The killer bee poisons you! The killer bee stings you!
You die...

#####
####..<#
#...y@.#
#...yy.#
#....g.#
#......#
#..(...#
#......#
####+###


You could see 3 killer bees and a hobgoblin.

Vanquished Creatures
  A killer bee (D:3)
  A leopard gecko (D:1)
  2 kobolds (D:1)
  A bat (D:3)
5 creatures vanquished.

Notes
Turn   | Place    | Note
-------+----------+-------------------------------------------
     0 | D:1      | Charly the Minotaur Berserker began the quest for the Orb.
     0 | D:1      | Reached XP level 1. HP: 19/19 MP: 0/0
    84 | D:3      | Noticed a killer bee
    84 | D:3      | Noticed a killer bee
    84 | D:3      | Noticed a killer bee
    84 | D:3      | Noticed a killer bee
    90 | D:3      | Killed a killer bee
    90 | D:3      | Reached skill level 5 in Axes
    90 | D:3      | Reached XP level 2. HP: 10/28 MP: 1/1
    90 | D:3      | Reached XP level 3. HP: 12/34 MP: 2/2
    90 | D:3      | Slain by a killer bee

Vault maps used:
D:1:      minmay_arrival_cross
D:2:      minitemple, first_ration
D:3:      marbit_many_paths, uniq_ijyb

Skill      XL: |  1 |
---------------+----+-----
Fighting       | 4 |  4.3
Axes           | 5 |  5.0
Armour         | |  2.4
Dodging        | |  2.1

Action                   || total
-------------------------++-------
Melee: Hand axe          ||    12
       Headbutt          ||     1
Invok: Berserk           ||     1
Armor: Animal skin       ||     2
Dodge: Dodged            ||     9

Table legend:
 A = Spawn XP
 B = Non-spawn XP
 C = Spawn XP percentage of total XP
 D = Spawn monster count
 E = Non-spawn monster count
 F = Spawn count percentage of total count
 G = Total turns spent on level
                    A         B        C        D         E        F      G
               +---------+---------+-------+---------+---------+-------+---------
         Total |       0 |      70 |   0.0 |       0 |       5 |   0.0 |    90
               +---------+---------+-------+---------+---------+-------+---------
           D:1 |       0 |       6 |   0.0 |       0 |       3 |   0.0 |    58
           D:3 |       0 |      64 |   0.0 |       0 |       2 |   0.0 |     6
               +---------+---------+-------+---------+---------+-------+---------
